 Dungeon Crawl Stone Soup version 0.20.0-8-g6b59dc7 (webtiles) character file.

105 Rrauwl the Ruffian (level 4, -7/67 HPs)
             Began as a Troll Monk on May 30, 2017.
             Mangled by Grinder (12 damage)
             ... on level 3 of the Dungeon.
             The game lasted 00:04:00 (1817 turns).

Rrauwl the Ruffian (Troll Monk)                     Turns: 1817, Time: 00:04:01

Health: -7/67      AC:  5    Str: 25    XL:     4   Next: 53%
Magic:  3/3        EV: 16    Int:  8    God:
Gold:   162        SH:  0    Dex: 17    Spells: 3/3 levels left

rFire    . . .     SeeInvis .     - Unarmed
rCold    + . .     Gourm    +   (no shield)
rNeg     . . .     Faith    .   a - +0 robe
rPois    +         Spirit   .   (helmet restricted)
rElec    .         Reflect  .   (no cloak)
rCorr    .         Harm     .   (gloves unavailable)
MR       .....                  (boots unavailable)
Stlth    ..........             (no amulet)
Regen    0.7/turn               (no ring)
MPRegen  0.1/turn               (no ring)

@: agile, berserking, drained, very quick
A: unfitting armour, claws 3, clever 1, cold resistance 1, fast metabolism 3,
gourmand, poison resistance, regeneration 1, shaggy fur 1, tough skin 2
a: no special abilities


You were on level 3 of the Dungeon.
You were full.

You visited 1 branch of the dungeon, and saw 3 of its levels.

You collected 162 gold pieces.

Inventory:

Armour
 a - a +0 robe (worn)
Scrolls
 c - 4 scrolls of identify {unknown}
 e - 2 scrolls of teleportation {unknown}
 g - 3 scrolls of remove curse {unknown}
 h - a scroll of immolation {unknown}
 j - 3 scrolls of magic mapping {unknown}
 k - 4 scrolls of enchant armour {unknown}
Potions
 i - a potion of mutation
 l - a potion of lignification {unknown}
Comestibles
 b - 3 bread rations
 f - 2 meat rations


   Skills:
 - Level 3.0(2.8) Fighting
 - Level 3.1(3.0) Dodging
 - Level 1.0(0.8) Stealth
 + Level 4.2(4.0) Unarmed Combat


You had 3 spell levels left.
You didn't know any spells.

Dungeon Overview and Level Annotations

Branches:
Dungeon (3/15)

Altars:
Kikubaaqudgha

Annotations:
D:3 Grinder


Innate Abilities, Weirdness & Mutations

You are too large for most types of armour.
You have claws for hands.
Your metabolism is lightning-fast.
You like to eat raw meat.
Your natural rate of healing is unusually fast.
You are covered in fur. (AC +1)
You have very tough skin. (AC +2)
Your mind is acute. (Int +2)
Your flesh is cold resistant. (rC+)
Your system is resistant to poisons. (rPois)


Message History

* * * LOW HITPOINT WARNING * * *
You scratch Grinder.
Grinder is heavily wounded.
Grinder hits you.
* * * LOW HITPOINT WARNING * * *
You writhe in agony.
* * * LOW HITPOINT WARNING * * *
Unknown command.
It was a potion of agility.
You feel agile all of a sudden. Grinder misses you.
It was a potion of berserk rage.
A red film seems to cover your vision as you go berserk!
You feel yourself moving faster!
You feel mighty! Grinder closely misses you.
You closely miss Grinder.
Grinder is heavily wounded.
You claw Grinder!
Grinder is almost dead.
Grinder hits you!
You die...

.# ##.# #.>##
# #....5
##.#..#..
#.P#....##
#..#5#...##
#@#....
#.#..# #.#§.#
#....##
####†.# #.##
#†####..#
#........
#.###########


You could see Grinder.

Vanquished Creatures
  3 adders
  3 oozes
  4 dart slugs (D:2)
  2 leopard geckos
  4 giant cockroaches
  11 goblins
  4 hobgoblins
  4 jackals (D:2)
  A quokka (D:2)
  3 bats
  6 frilled lizards
  5 kobolds
  3 rats (D:2)
  2 rat zombies (D:2)
55 creatures vanquished.

Notes
Turn   | Place    | Note
-------+----------+-------------------------------------------
     0 | D:1      | Rrauwl the Troll Monk began the quest for the Orb.
     0 | D:1      | Reached XP level 1. HP: 22/22 MP: 0/0
    48 | D:1      | Reached XP level 2. HP: 25/29 MP: 1/1
   573 | D:2      | Reached XP level 3. HP: 36/36 MP: 2/2
   932 | D:2      | Found an ancient bone altar of Kikubaaqudgha.
   988 | D:2      | Reached XP level 4. HP: 38/45 MP: 3/3
  1480 | D:2      | Reached skill level 4 in Unarmed Combat
  1793 | D:3      | Noticed Grinder
  1795 | D:3      | Paralysed by Grinder for 6 turns
  1801 | D:3      | Gained mutation: Your mind is acute. (Int +2) [potion of mutation]
  1801 | D:3      | Gained mutation: Your system is resistant to poisons. (rPois) [potion of mutation]
  1801 | D:3      | Gained mutation: Your flesh is cold resistant. (rC+) [potion of mutation]
  1817 | D:3      | Mangled by Grinder

Skill      XL: |  1  2  3  4 |
---------------+-------------+-----
Fighting       | 3 |  3.0
Dodging        | 3 |  3.1
Unarmed Combat | 4 |  4.2
Stealth        | |  1.0

Action                   |  1- 3 |  4- 6 || total
-------------------------+-------+-------++-------
Melee: Unarmed           |   115 |    54 ||   169
       Punch             |     1 |     1 ||     2
  Use: Potion            |       |     3 ||     3
 Stab: Sleeping          |     2 |     1 ||     3
       Distracted        |       |     1 ||     1
  Eat: Chunk             |    12 |     6 ||    18
Armor: Robe              |    40 |    20 ||    60
Dodge: Dodged            |    54 |    18 ||    72
